 Dungeon Crawl Stone Soup version 0.30-a0-364-gf6b3ef1049 (webtiles) character file.

Game seed: 13693684129896512346

236 vineage the Trooper (level 6, -1/44 HPs)
             Began as a Gargoyle Fighter on Nov 15, 2022.
             Slain by an iguana (9 damage)
             ... on level 5 of the Dungeon.
             The game lasted 00:03:15 (2336 turns).

vineage the Trooper (Gargoyle Fighter)              Turns: 2336, Time: 00:03:15

Health: -1/44      AC: 15    Str: 21    XL:     6   Next: 6%
Magic:  6/6        EV:  5    Int:  9    God:
Gold:   247        SH:  5    Dex:  9    Spells: 5/5 levels left

rFire   . . .      SeeInvis .    a - +0 flail
rCold   . . .      Faith    .    c - +1 buckler
rNeg    + . .      Spirit   .    k - +0 plate armour
rPois   ∞          Reflect  .    (no helmet)
rElec   +          Harm     .    (no cloak)
rCorr   .          Rampage  .    (no gloves)
Will    .....                    (no boots)
Stlth   ..........               (no amulet)
HPRegen 0.27/turn                (no ring)
MPRegen 0.10/turn                (no ring)

@: no status effects
A: sickness immunity, AC +4, negative energy resistance 1, electricity
resistance, torment resistance 1, petrification resistance
a: no special abilities


You were on level 5 of the Dungeon.
You visited 1 branch of the dungeon, and saw 5 of its levels.

You collected 247 gold pieces.

Inventory:

Hand Weapons
 a - a +0 flail (weapon)
Armour
 c - a +1 buckler (worn)
 k - a +0 plate armour (worn)
Scrolls
 g - a scroll of enchant armour
 o - a scroll of summoning
 p - a scroll of identify
Potions
 b - a potion of magic {unknown}
 d - 3 potions of might
 e - a potion of brilliance
 f - a potion of mutation {unknown}
 h - a potion of berserk rage
 i - 2 potions of heal wounds {unknown}
 j - 2 potions of haste {unknown}
 l - 2 potions of attraction {unknown}
 m - a potion of degeneration {unknown}
 n - a potion of flight {unknown}


   Skills:
 * Level 7.2 Fighting
 - Level 2.0 Maces & Flails
 - Level 3.2 Armour
 - Level 3.2 Shields


You had 5 spell levels left.
You didn't know any spells.
Your spell library contained the following spells:

 Spells                   Type           Power      Damage    Failure   Level
 Wereblood                Tmut           0%         N/A       100%        2
 Summon Ice Beast         Ice/Summ       0%         N/A       100%        4
 Summon Mana Viper        Hex/Summ       0%         N/A       100%        5
 Monstrous Menagerie      Summ           0%         N/A       100%        7
 Summon Hydra             Summ           0%         N/A       100%        7
 Sublimation of Blood     Necr           Unusable   N/A       N/A         2

Dungeon Overview and Level Annotations

Branches:
Dungeon (5/15)
 Temple: D:4-7

Altars:


Innate Abilities, Weirdness & Mutations

You are immune to sickness and miasma.
Your stone body is resilient. (AC +4)
You are immune to poison.
You resist negative energy. (rN+)
You are resistant to electric shocks. (rElec)
You are resistant to unholy torment.
You are immune to petrification.


Message History

The kobold hits you but does no damage. The orc hits you with a +0 trident.
Something hits you but does no damage.
The orc hits you from afar with a +0 trident.
You hear some strange, mumbled words.
A puff of flame appears from out of thin air!
The puff of flame hits you. The kobold hits you but does no damage.
You feel less confused. The kobold hits you with a +0 dagger.
Something hits you but does no damage. The orc hits you with a +0 trident.
The kobold attacks as you move away! The kobold hits you with a +0 dagger.
The orc attacks as you move away! The orc hits you but does no damage.
The orc hits you from afar with a +0 trident.
* * * LOW HITPOINT WARNING * * *
Okay, then.
The kobold throws a stone.
The stone hits you but does no damage.
You hear some strange, mumbled words.
Something tries to affect you, but you resist.
There is a stone staircase leading down here.
The orc hits you but does no damage. x2
You climb downwards.
Reactivating autopickup.
Found four items.
Found a stone staircase leading down and a stone staircase leading up.
There is a stone staircase leading up here.
The orc hits you but does no damage. The scorpion stings you.
* * * LOW HITPOINT WARNING * * *
The ice beast enters a dispersal trap!
The scorpion blinks!
The orc blinks! x2
You blink.
You stop ascending the stairs.
An iguana comes into view.
Found a helmet.
The iguana hisses angrily.
The iguana bites you but does no damage.
The iguana bites you but does no damage.
Okay, then.
Okay, then.
As you read the scroll of summoning, it crumbles to dust.
Wisps of shadow whirl around you... The iguana bites you.
* * * LOW HITPOINT WARNING * * *
The iguana attacks as you move away! The iguana bites you!
You die...

..# .. ########### .# .
....#.....##.# # ..
.............###.. # ..#
.......!.........#.#....
.oY..<........####[.....
....>.......####ool#....
...........s.Yol@.l..#
......(.....##o#######
............##.#
.§.............#
....#........###
.............#
###.......# #.......#


You could see an ice beast, a scorpion, an iguana (ally target), 2 friendly
iguanas, a friendly orc wizard (summoned) and 3 friendly orcs.

Vanquished Creatures
  A phantom (D:4)
  A hound (D:3)
  Jessica (D:3)
  3 gnolls (D:2)
  2 adders (D:3)
  A worm (D:3)
  3 dart slugs
  An orc (D:3)
  5 endoplasms
  4 giant cockroaches
  5 goblins
  A hobgoblin (D:1)
  3 jackals (D:1)
  6 kobolds
  A quokka (D:1)
  6 ball pythons
  5 bats
  A frilled lizard (D:1)
  6 rats
56 creatures vanquished.

Vanquished Creatures (others)
  6 plants (D:2)
6 creatures vanquished.

Grand Total: 62 creatures vanquished

Notes
Turn   | Place    | Note
-------+----------+-------------------------------------------
     0 | D:1      | vineage the Gargoyle Fighter began the quest for the Orb.
     0 | D:1      | Reached XP level 1. HP: 14/14 MP: 1/1
    63 | D:1      | Reached XP level 2. HP: 15/20 MP: 2/2
    71 | D:1      | Reached skill level 4 in Fighting
   559 | D:2      | Reached XP level 3. HP: 23/24 MP: 3/3
   908 | D:2      | Reached skill level 5 in Fighting
   917 | D:2      | Reached XP level 4. HP: 9/31 MP: 4/4
  1663 | D:3      | Reached skill level 6 in Fighting
  1663 | D:3      | Reached XP level 5. HP: 36/36 MP: 5/5
  1800 | D:3      | Noticed Jessica
  1806 | D:3      | Killed Jessica
  2152 | D:4      | Noticed a phantom
  2180 | D:4      | Killed a phantom
  2181 | D:4      | Reached skill level 7 in Fighting
  2181 | D:4      | Reached XP level 6. HP: 43/44 MP: 6/6
  2327 | D:5      | Entered Level 5 of the Dungeon
  2327 | D:5      | Noticed an ice beast
  2336 | D:5      | Slain by an iguana

Illustrated notes

Levels and vault maps discovered:
D:1:      reono_arrival_mine, layout_basic, hex_intersection
D:2:      layout_basic, nicolae_grassy_gnolls
D:3:      layout_basic, uniq_jessica
D:4:      layout_basic, serial_shops, kennysheep_mini
D:5:      layout_rooms, serial_corexii_hall, corexii_hall_statues_i,
          corexii_hall_statues_u, serial_shops, nicolae_take_the_stairs

Skill      XL: |  1  2  3  4  5 |
---------------+----------------+-----
Fighting       | 4 5 6 7 |  7.2
Maces & Flails | |  2.0
Armour         | |  3.2
Shields        | |  3.2

Action                   |  1- 3 |  4- 6 || total
-------------------------+-------+-------++-------
Melee: Flail             |    96 |    80 ||   176
  Use: Scroll            |     2 |     7 ||     9
Armor: Scale mail        |    63 |     1 ||    64
       Plate armour      |       |    75 ||    75
Dodge: Dodged            |    49 |    25 ||    74
Block: Buckler           |    22 |    22 ||    44

Table legend: (Time is in decaauts)
 A = Elapsed time spent in this place.
 B = Non-inter-level travel time spent in this place.
 C = Inter-level travel time spent in this place.
 D = Time resting spent in this place.
 E = Time spent auto-exploring this place.
 F = Levels seen in this place.
 G = Mean time per level.
                   A        B        C        D        E       F      G
               +--------+--------+--------+--------+--------+-----+--------+
         Total |   2394 |   2343 |     51 |    273 |   1572 |   5 |  478.8 |
       Dungeon |   2394 |   2343 |     51 |    273 |   1572 |   5 |  478.8 |
               +--------+--------+--------+--------+--------+-----+--------+

Top non-repeatable levels by time:
     D:2: 881 daAuts
     D:3: 712 daAuts
     D:1: 567 daAuts
     D:4: 224 daAuts
     D:5: 8 daAuts
